 Dungeon Crawl Stone Soup version 0.30-a0-986-g7f2e898f52 (webtiles) character file.

Game seed: 6043979733065330028

85 jimonade the Trooper (level 4, -1/40 HPs)
             Began as a Hill Orc Fighter on Apr 1, 2023.
             Slain by a gnoll
             ... wielding a +1 flail of venom
              (9 damage)
             ... on level 3 of the Dungeon.
             The game lasted 00:04:18 (1688 turns).

jimonade the Trooper (Hill Orc Fighter)             Turns: 1688, Time: 00:04:19

Health: -1/40      AC: 15    Str: 18    XL:     4   Next: 48%
Magic:  5/5        EV:  5    Int: 10    God:
Gold:   92         SH:  4    Dex: 10    Spells: 3/3 levels left

rFire   . . .      SeeInvis .    a - +0 war axe
rCold   . . .      Faith    .    c - +0 buckler
rNeg    . . .      Spirit   .    w - +0 plate armour
rPois   .          Reflect  .    q - +0 helmet
rElec   .          Rampage  .    j - +0 cloak
rCorr   .                        m - +0 pair of gloves
Will    .....                    (no boots) Stlth
                                 (no amulet)
HPRegen 0.26/turn                (no ring)
MPRegen 0.09/turn                (no ring)

@: lethally poisoned (-1 -> -20)
A: no striking features
a: no special abilities


You were on level 3 of the Dungeon.
You visited 1 branch of the dungeon, and saw 3 of its levels.

You collected 92 gold pieces.

Inventory:

Hand Weapons
 a - a +0 war axe (weapon)
 k - a +1 dagger of holy wrath
 l - a +0 mace
 n - a +1 dagger of protection
 o - a +0 sling of freezing
 r - a +0 trident
 u - a +0 war axe
Missiles
 B - 3 javelins (quivered)
 C - 4 poisoned darts
Armour
 b - a +0 scale mail
 c - a +0 buckler (worn)
 j - a +0 cloak (worn)
 m - a +0 pair of gloves (worn)
 q - a +0 helmet (worn)
 w - a +0 plate armour (worn)
Wands
 y - a wand of digging (5)
 A - a wand of polymorph (6)
Scrolls
 f - a scroll of amnesia {unknown}
 i - 3 scrolls of identify {unknown}
 s - a scroll of brand weapon {unknown}
 t - a scroll of magic mapping {unknown}
 v - a scroll of immolation {unknown}
 x - a scroll of blinking {unknown}
Potions
 d - 2 potions of might
 e - 3 potions of flight {unknown}
 g - a potion of invisibility {unknown}
 h - 3 potions of curing {unknown}
 p - a potion of attraction {unknown}
 z - a potion of mutation {unknown}


   Skills:
 + Level 4.0 Fighting
 + Level 4.0 Axes
 + Level 3.8 Armour
 + Level 0.3 Dodging
 + Level 3.6 Shields
 * Level 2.3 Invocations


You had 3 spell levels left.
You didn't know any spells.
Your spell library contained the following spells:

 Spells                   Type           Power      Damage    Failure   Level
 Beastly Appendage        Tmut           0%         N/A       100%        1
 Kiss of Death            Conj/Necr      0%         2d5       100%        1
 Scorch                   Fire           0%         2d5       100%        2
 Wereblood                Tmut           0%         N/A       100%        2
 Confusing Touch          Hex            0%         N/A       100%        3
 Spider Form              Tmut/Pois      0%         N/A       100%        3
 Dispel Undead            Necr           0%         3d6       100%        4
 Flame Wave               Conj/Fire      0%         2d4       100%        4
 Summon Cactus Giant      Summ           0%         N/A       100%        6


Dungeon Overview and Level Annotations

Branches:
Dungeon (3/15)

Altars:

Annotations:
D:2 Sigmund


Message History

No target in view!
Found a stone staircase leading down.
No target in view!
The endoplasm quivers.
You enter the shallow water.
Moving in this stuff is going to be slow. 2 gnolls come into view.
A gnoll is wielding a +1 flail of venom.
The gnoll shouts!
A gnoll comes into view. It is wielding a +0 flail.
Found a book of Scorching and a scroll labelled TIMEAN VASOTZ.
You see here a book of Scorching.
You pick up a book of Scorching and begin reading...
You add the spells Scorch, Flame Wave and Summon Cactus Giant to your library.
The gnoll barely misses you.
You closely miss the gnoll. The gnoll completely misses you.
You hit the gnoll.
The gnoll is moderately wounded.
The gnoll hits you with a +1 flail of venom.
You are poisoned.
The gnoll hits you with a +1 flail of venom.
You are more poisoned.
You barely miss the gnoll.
The gnoll is moderately wounded.
You feel very sick.
The gnoll hits you with a +1 flail of venom.
You are more poisoned.
You slash the gnoll!
The gnoll is severely wounded.
You feel very sick.
The gnoll hits you with a +1 flail of venom.
You are lethally poisoned!
You hit the gnoll.
The gnoll is almost dead.
* * * LOW HITPOINT WARNING * * *
You feel extremely sick.
The gnoll hits you with a +1 flail of venom.
* * * LOW HITPOINT WARNING * * *
The gnoll hits you with a +1 flail of venom!
You die...

######### # #...?...# #
#.......# # #.......#
################@......#
.............>..g......#
######.......###.......#
# ####.#####...........#
##.....###....##.......#
...#####.....#P~♣♣~.g..#
..######...##~~P~~~♣.♣♣#
.........###♣~~~~P~~.~~
.....#..## ~~~~P~≈~.~~~


You could see 2 gnolls.

Vanquished Creatures
  Jessica (D:2)
  3 dart slugs
  7 ball pythons
  7 endoplasms
  3 giant cockroaches (D:1)
  7 goblins
  3 hobgoblins
  6 bats (D:1)
  A frilled lizard (D:3)
  4 kobolds
  9 rats
51 creatures vanquished.

Vanquished Creatures (others)
  39 plants
39 creatures vanquished.

Grand Total: 90 creatures vanquished

Notes
Turn   | Place    | Note
-------+----------+-------------------------------------------
     0 | D:1      | jimonade the Hill Orc Fighter began the quest for the Orb.
     0 | D:1      | Reached XP level 1. HP: 19/19 MP: 1/1
   160 | D:1      | Reached XP level 2. HP: 27/27 MP: 2/2
   165 | D:1      | Reached skill level 1 in Invocations
   345 | D:1      | Reached XP level 3. HP: 32/33 MP: 4/4
   761 | D:2      | Noticed Jessica
   774 | D:2      | Killed Jessica
   775 | D:2      | Reached XP level 4. HP: 34/40 MP: 5/5
  1066 | D:2      | Noticed Sigmund
  1688 | D:3      | Slain by a gnoll

Illustrated notes

Levels and vault maps discovered:
D:1:      saegor_arrival_simple_e, layout_basic
D:2:      layout_loops_cross, kennysheep_boxes, uniq_jessica, uniq_sigmund
D:3:      layout_rooms, serial_bayou_lagoon_b

Skill      XL: |  1  2  3  4 |
---------------+-------------+-----
Invocations    | 1 2 |  2.3
Axes           | 3 4 |  4.0
Fighting       | 4 |  4.0
Armour         | |  3.8
Dodging        | |  0.3
Shields        | |  3.6

Action                     |  1- 3 |  4- 6 || total
---------------------------+-------+-------++-------
  Melee: War axe           |    62 |    45 ||   107
 Armour: Scale mail        |    24 |    18 ||    42
         Plate armour      |       |     7 ||     7
  Dodge: Dodged            |    29 |    11 ||    40
  Block: Buckler           |    19 |    15 ||    34

Table legend: (Time is in decaauts)
 A = Elapsed time spent in this place.
 B = Non-inter-level travel time spent in this place.
 C = Inter-level travel time spent in this place.
 D = Time resting spent in this place.
 E = Time spent auto-exploring this place.
 F = Levels seen in this place.
 G = Mean time per level.
                   A        B        C        D        E       F      G
               +--------+--------+--------+--------+--------+-----+--------+
         Total |   1729 |   1633 |     96 |      0 |   1056 |   3 |  576.3 |
       Dungeon |   1729 |   1633 |     96 |      0 |   1056 |   3 |  576.3 |
               +--------+--------+--------+--------+--------+-----+--------+

Top non-repeatable levels by time:
     D:1: 806 daAuts
     D:2: 499 daAuts
     D:3: 423 daAuts
